 Dungeon Crawl Stone Soup version 0.29.1-15-g9cfb28693d (webtiles) character file.

Game seed: 6447949121820715444

637 Gumption the Chopper (level 7, -2/62 HPs)
             Began as a Minotaur Berserker on Mar 22, 2023.
             Was a Priest of Trog.
             Slain by a gnoll
             ... wielding the +8 Wrath of Trog {antimagic, *Rage Rampage}
              (19 damage)
             ... on level 4 of the Dungeon.
             The game lasted 00:33:08 (3848 turns).

Gumption the Chopper (Minotaur Berserker)           Turns: 3848, Time: 00:33:09

Health: -2/62      AC:  9    Str: 24    XL:     7   Next: 25%
Magic:  0/6        EV: 11    Int:  4    God:    Trog [***...]
Gold:   185        SH:  0    Dex:  9    Spells: 6/6 levels left

rFire   . . .      SeeInvis .   a - +0 hand axe
rCold   + . .      Faith    .   (no shield)
rNeg    . . .      Spirit   .   l - +3 ring mail of the Moon {Rampage}
rPois   .          Reflect  .   (helmet restricted)
rElec   .          Harm     .   (no cloak)
rCorr   .          Rampage  +   (no gloves)
Will    .....                   (no boots)
Stlth   ..........              (no amulet)
HPRegen 0.20/turn               p - ring of protection from cold
MPRegen 0.10/turn               (no ring)

@: no status effects
A: horns 2, retaliatory headbutt
a: Renounce Religion, Berserk, Trog's Hand


You were on level 4 of the Dungeon.
You worshipped Trog.
Trog was most pleased with you.
You visited 1 branch of the dungeon, and saw 4 of its levels.
You also visited: Sewer.

You collected 185 gold pieces.

Inventory:

Hand Weapons
 a - a +0 hand axe (weapon)
 b - a +1 sling of flaming
 w - a +1 dagger of venom
Missiles
 h - 20 stones (quivered)
Armour
 l - the +3 ring mail of the Moon (worn) {Rampage}
   (You found it on level 3 of the Dungeon)

   Rampage:   It bestows one free step when moving towards enemies.
Jewellery
 p - a ring of protection from cold (left hand)
Wands
 o - a wand of digging (2)
Scrolls
 e - a scroll of teleportation {unknown}
 f - a scroll of identify
 k - a scroll of acquirement {unknown}
 m - a scroll of silence {unknown}
 q - a scroll of blinking
 r - a scroll of vulnerability {unknown}
 s - a scroll of magic mapping {unknown}
Potions
 c - a potion of lignification {unknown}
 d - 2 potions of might {unknown}
 g - 2 potions of heal wounds {unknown}
 i - 2 potions of mutation
 n - a potion of curing {unknown}


   Skills:
 + Level 5.9 Fighting
 * Level 7.6 Axes
 + Level 5.2 Armour
 - Level 2.1 Dodging


You had 6 spell levels left.
You didn't know any spells.
Your spell library was empty.

Dungeon Overview and Level Annotations

Branches:
Dungeon (4/15)             Temple (0/1) D:4           Sewer (visited)

Altars:
Elyvilon
Trog

Shops:
D:4 =


Innate Abilities, Weirdness & Mutations

You have a pair of horns on your head.
You reflexively headbutt those who attack you in melee.


Message History

Things that are here:
a +0 flail; an orc corpse The gnoll hits you but does no damage.
A gnoll comes into view.
It is wielding the +8 Wrath of Trog {antimagic, *Rage Rampage}.
A gnoll comes into view. It is wielding a +0 flail.
You hit the gnoll. You headbutt the gnoll!
The gnoll is almost dead.
The gnoll barely misses you.
You hit the gnoll.
The gnoll is almost dead.
You closely miss the gnoll.
The gnoll is almost dead.
The gnoll hits you with a +0 spear.
You barely miss the gnoll. You headbutt the gnoll.
You kill the gnoll!
Trog accepts your kill.
You hit the endoplasm.
You kill the endoplasm!
Trog accepts your kill.
You hit the gnoll.
The gnoll is moderately wounded.
You completely miss the gnoll. The gnoll closely misses you.
You furiously retaliate!
You headbutt the gnoll.
The gnoll goes berserk!
The gnoll hits you with the +8 Wrath of Trog {antimagic, *Rage Rampage}!!
You feel your power leaking away.
You barely miss the gnoll. Your headbutt misses the gnoll.
The gnoll is moderately wounded.
You hit the gnoll.
The gnoll hits you with the +8 Wrath of Trog {antimagic, *Rage Rampage}!
The gnoll hits you but does no damage.
You hit the gnoll.
The gnoll is moderately wounded.
You hit the gnoll.
The gnoll hits you with the +8 Wrath of Trog {antimagic, *Rage Rampage}!
* * * LOW HITPOINT WARNING * * *
The gnoll barely misses you. x2
The gnoll attacks as you move away! The gnoll barely misses you.
The gnoll attacks as you move away!
The gnoll hits you with the +8 Wrath of Trog {antimagic, *Rage Rampage}!!
You die...

#.......#.#....#..#..
#.......#..#....##..#
#.......#.....>.....#
#.....).#..##....#..#
#.........#..#....#
#...........)#.#..#
#####.......#...##...
#.....).)......#.
#...g@#.#....... .
#...#g#.##.......
#..###.#.# ......
#.## ..### ##.... #..
.). #### #.. ..♣. #.
.. . ##. ##


You could see 2 gnolls.

Vanquished Creatures
  Sigmund (D:2)
  An ogre (D:4)
  2 bullfrogs (Sewer)
  A howler monkey (D:4)
  A hound (D:4)
  3 adders
  A gnoll (D:4)
  A river rat (D:4)
  5 worms
  3 dart slugs
  9 orcs (D:4)
  6 endoplasms
  17 giant cockroaches
  10 goblins
  6 hobgoblins
  6 jackals
  9 quokkas
  10 ball pythons
  3 bats
  9 frilled lizards
  5 kobolds
  5 rats
114 creatures vanquished.

Vanquished Creatures (others)
  6 demonic plants (D:1)
  A withered plant (D:1)
7 creatures vanquished.

Grand Total: 121 creatures vanquished

Notes
Turn   | Place    | Note
-------+----------+-------------------------------------------
     0 | D:1      | Gumption the Minotaur Berserker began the quest for the
                  | Orb.
     0 | D:1      | Reached XP level 1. HP: 19/19 MP: 0/0
   119 | D:1      | Reached skill level 4 in Axes
   285 | D:1      | Reached XP level 2. HP: 27/27 MP: 1/1
   387 | D:1      | Found a faded altar of an unknown god.
   662 | D:1      | Reached XP level 3. HP: 31/33 MP: 2/2
  1811 | D:2      | Found a white marble altar of Elyvilon.
  1994 | D:2      | Noticed Sigmund
  2016 | D:2      | Killed Sigmund
  2017 | D:2      | Reached skill level 6 in Axes
  2017 | D:2      | Reached XP level 4. HP: 41/41 MP: 3/3
  2017 | D:2      | Reached XP level 5. HP: 47/47 MP: 4/4
  2261 | D:3      | Identified the +7 spear of the Tent {pain, SInv Stlth+}
  2306 | D:3      | Reached skill level 5 in Fighting
  2315 | D:3      | Identified the +3 ring mail of the Moon {Rampage}
  2459 | D:3      | Reached ** piety under Trog
  2613 | D:3      | Noticed a moth of wrath
  2617 | D:3      | Found a bloodstained altar of Trog.
  2824 | D:3      | Reached XP level 6. HP: 56/56 MP: 5/5
  3162 | D:4      | Identified the +6 mace "Oluriag" {flame, *Rage +Blink rElec
                  | rN+}
  3192 | D:4      | Found a glowing drain.
  3197 | Sewer    | Entered a sewer
  3466 | Sewer    | Reached skill level 7 in Axes
  3537 | D:4      | Found Cass's Jewellery Boutique.
  3585 | D:4      | Identified the +1 robe of Akkun Vyp {rN+ rCorr}
  3651 | D:4      | Reached *** piety under Trog
  3652 | D:4      | Reached skill level 5 in Armour
  3757 | D:4      | Found a staircase to the Ecumenical Temple.
  3767 | D:4      | Reached XP level 7. HP: 62/62 MP: 6/6
  3848 | D:4      | Slain by a gnoll

Illustrated notes

Levels and vault maps discovered:
D:1:      lightli_arrival_windingriver, layout_loops_ring,
          shapermc_ecumenical_altar_gd, minmay_misc_feat_columns, hex_tiny,
          chequers_serial_rivers_room_b, minmay_statues_item, st_stairs_9
D:2:      layout_basic, basic_altar, uniq_sigmund
D:3:      layout_basic, tgw_trog, mrwooster_statue_mirror
D:4:      layout_basic, minmay_temple_entry_mini_moons, gup_sewer_entry_bowl,
          serial_shops, shop, grunt_ministairs_14

Skill      XL: |  1  2  3  4  5  6 |
---------------+-------------------+-----
Axes           | 4 6 7 |  7.6
Fighting       | 4 5 |  5.9
Armour         | 3 4 5 |  5.2
Dodging        | |  2.1

Action                   |  1- 3 |  4- 6 |  7- 9 || total
-------------------------+-------+-------+-------++-------
Melee: Hand axe          |    80 |   151 |    17 ||   248
       Headbutt          |    16 |    29 |     2 ||    47
       Punch             |       |     4 |       ||     4
 Fire: Sling             |     1 |       |       ||     1
Throw: Stone             |     9 |     2 |       ||    11
Invok: Berserk           |     2 |     1 |       ||     3
  Use: Scroll            |       |     1 |       ||     1
Armor: Animal skin       |     4 |       |       ||     4
       Chain mail        |     8 |     4 |       ||    12
       Ring mail         |     4 |    46 |     8 ||    58
Dodge: Dodged            |    33 |    67 |    13 ||   113
